 Dungeon Crawl Stone Soup version 0.23.2-33-g5129a83184 (webtiles) character file.

Game seed: 18085722864488963565

1336 Kold the Destroyer (level 8, -1/57 HPs)
             Began as a Pale Draconian Conjurer on July 11, 2019.
             Was an Initiate of Vehumet.
             Slain by a slave (2 damage)
             ... led by Pikel
             ... on level 7 of the Dungeon.
             The game lasted 00:17:49 (7163 turns).

Kold the Destroyer (Pale Draconian Conjurer)        Turns: 7163, Time: 00:17:50

Health: -1/57      AC:  7    Str: 10    XL:     8   Next: 35%
Magic:  8/14       EV: 12    Int: 19    God:    Vehumet [......]
Gold:   380        SH:  0    Dex: 13    Spells: 4/15 levels left

rFire    . . .     SeeInvis .   C - +2 dagger (protect)
rCold    . . .     Gourm    .   (no shield)
rNeg     . . .     Faith    .   (armour unavailable)
rPois    .         Spirit   .   (helmet restricted)
rElec    .         Reflect  .   G - scarf {repulsion}
rCorr    .         Harm     .   (no gloves)
MR       .....                  D - +0 pair of boots
Stlth    ++........             l - amulet of magic regeneration
HPRegen  0.19/turn              H - +2 ring of dexterity
MPRegen  0.39/turn              p - ring of wizardry

@: invisible, repel missiles
A: breathe steam, unfitting armour, cold-blooded, AC +6
a: Breathe Steam, Renounce Religion


You were on level 7 of the Dungeon.
You worshipped Vehumet.
Vehumet was noncommittal.
You were not hungry.

You visited 2 branches of the dungeon, and saw 8 of its levels.

You collected 380 gold pieces.

Inventory:

Hand Weapons
 x - a +2 flail of protection
 y - a +2 mace of holy wrath
 C - a +2 dagger of protection (weapon)
Armour
 c - a +1 buckler of protection
 D - a +0 pair of boots (worn)
 G - a scarf of repulsion (worn)
Jewellery
 j - an uncursed ring of ice
 l - an amulet of magic regeneration (around neck)
 o - an uncursed amulet of rage {unknown}
 p - a ring of wizardry (right hand)
 H - a +2 ring of dexterity (left hand)
Wands
 k - a wand of iceblast (5)
 r - a wand of flame (9)
 B - a wand of enslavement (7)
 E - a wand of digging (4)
Scrolls
 d - 4 scrolls of remove curse
 h - 10 scrolls of identify
 i - 4 scrolls of teleportation
 n - a scroll of blinking
 q - a scroll of magic mapping
 w - 2 scrolls of fear
Potions
 e - 3 potions of flight {unknown}
 f - a potion of resistance {unknown}
 g - 2 potions of curing {unknown}
 m - a potion of degeneration {unknown}
 s - a potion of brilliance {unknown}
 t - 3 potions of berserk rage {unknown}
 v - a potion of mutation {unknown}
 z - a potion of might {unknown}
 A - a potion of lignification {unknown}
Comestibles
 b - 11 rations
 F - 2 chunks of flesh


   Skills:
 - Level 2.0 Dodging
 - Level 2.0 Stealth
 - Level 4.0 Spellcasting
 * Level 9.1 Conjurations
 + Level 3.8 Hexes


You had 4 spell levels left.
You knew the following spells:

 Your Spells              Type           Power        Failure   Level  Hunger
a - Magic Dart            Conj           ####         1%          1    None
b - Searing Ray           Conj           #####.       1%          2    ##.....
c - Fulminant Prism       Conj/Hex       ####......   4%          4    ####...
d - Iskenderun's Mystic   Conj           #####...     1%          4    ####...

Your spell library contained the following spells:

 Spells                   Type           Power        Failure   Level  Hunger
 Dazzling Spray           Conj/Hex       ####..       1%          3    ###....
 Force Lance              Conj/Tloc      ###.....     9%          4    ####...


Dungeon Overview and Level Annotations

Branches:
Dungeon (7/15)             Temple (1/1) D:5

Altars:
Ashenzari
Cheibriados
Dithmenos
Elyvilon
Fedhas
Gozag
Hepliaklqana
Kikubaaqudgha
Makhleb
Nemelex Xobeh
Okawaru
Qazlal
Ru
Sif Muna
Trog
Uskayaw
Vehumet
Wu Jian
Xom
Yredelemnul
Zin
The Shining One

Portals:
Bailey: D:7

Annotations:
D:4 Eustachio
D:6 exclusion: statue, Sigmund
D:7 Duvessa, Pikel


Innate Abilities, Weirdness & Mutations

You can breathe blasts of scalding, opaque steam.
Your pale cyan-grey scales are hard. (AC +6)
You cannot fit into any form of body armour.
You are cold-blooded and may be slowed by cold attacks.


Message History

Okay, then.
The searing ray misses the wyvern.
You finish channeling your searing ray.
The wyvern bites you. The wyvern closely misses you.
Casting: Searing Ray (safe; 1% risk of failure)
Confirm with . or Enter, or press ? or * to list all spells.
Aiming: Searing Ray (safe; 1% risk of failure)
Press: ? - help, Shift-Dir - straight line, f/p - wyvern
Aim: a wyvern (severely wounded)
The searing ray hits the wyvern but does no damage.
The wyvern is severely wounded. (Press . to maintain the ray.)
The wyvern barely misses you.
The searing ray hits the wyvern.
The wyvern is severely wounded.
The wyvern bites you! The slave hits you but does no damage.
The wyvern bites you!!
* * * LOW HITPOINT WARNING * * *
You fade into invisibility!
The slave hits you.
You die...

*,,,********
##########.....8...,* #######
#....(.......$.....,**** ......#
#...........8.....8,,*,* ......#
#..................,,,,* ......#
#..................,**,* ......#
#..........8...∩?..8,,,*
......####..................,**,*
................@l(.........,>*,,
......###........p...8.....8,,*,,
......# #...................,,*,*
.###### #...............8...,,,,<
##**###*#...................,,,,*
#*#..÷,*#....>...........!..,,,,*
#..#,,,*#.##############+#.K,,,,*
.#**,,,*#+#*******,,,,,,,*..,,,,*
##*******,,,,,,,,,,*******,,,,,,*


You could see a wyvern and a slave.

Vanquished Creatures
  An orc warrior (D:5)
  A sky beast (D:5)
  A centaur (D:5)
  A scorpion (D:6)
  2 howler monkeys
  A bullfrog zombie (D:7)
  4 orc priests
  2 centaur skeletons
  A jelly (D:7)
  3 hounds
  5 orc wizards
  2 bullfrog skeletons
  Terence (D:3)
  2 iguanas
  Ijyb (D:4)
  3 worker ants
  A hound zombie (D:6)
  4 gnolls (D:6)
  6 adders
  2 shadow imps (D:7)
  2 worms
  5 leopard geckos
  28 orcs
  2 ball pythons
  8 bats
  4 giant cockroaches
  9 goblins
  4 hobgoblins
  8 jackals (D:3)
  2 quokkas
  2 frilled lizards (D:1)
  A jackal skeleton (D:5)
  8 kobolds
  8 rats
135 creatures vanquished.

Vanquished Creatures (others)
  A fulminant prism (D:4)
  7 toadstools (D:1)
8 creatures vanquished.

Grand Total: 143 creatures vanquished

Notes
Turn   | Place    | Note
-------+----------+-------------------------------------------
     0 | D:1      | Kold the Draconian Conjurer began the quest for the Orb.
     0 | D:1      | Reached XP level 1. HP: 14/14 MP: 3/3
   416 | D:1      | Reached XP level 2. HP: 20/20 MP: 3/5
   866 | D:1      | Reached XP level 3. HP: 26/26 MP: 2/6
  1576 | D:2      | Reached skill level 5 in Conjurations
  1591 | D:2      | Learned a level 2 spell: Searing Ray
  2050 | D:2      | Reached XP level 4. HP: 33/33 MP: 1/7
  2061 | D:2      | Learned a level 4 spell: Fulminant Prism
  2998 | D:3      | Noticed Terence
  3354 | D:3      | Reached XP level 5. HP: 29/38 MP: 5/9
  3525 | D:3      | Found a faded altar of an unknown god.
  3619 | D:3      | Killed Terence
  3619 | D:3      | Reached skill level 6 in Conjurations
  4015 | D:4      | Reached XP level 6. HP: 34/45 MP: 6/11
  4262 | D:4      | Noticed Eustachio
  4277 | D:5      | Entered Level 5 of the Dungeon
  4399 | D:4      | Reached skill level 1 in Hexes
  4556 | D:4      | Noticed Ijyb
  4569 | D:4      | Killed Ijyb
  5025 | D:5      | Reached skill level 7 in Conjurations
  5025 | D:5      | Your scales start taking on a pale cyan-grey colour.
  5025 | D:5      | Reached XP level 7. HP: 13/50 MP: 8/13
  5315 | D:5      | Found a staircase to the Ecumenical Temple.
  5327 | Temple   | Entered the Ecumenical Temple
  6287 | D:6      | Reached skill level 8 in Conjurations
  6501 | D:6      | Reached XP level 8. HP: 57/57 MP: 7/14
  6564 | D:6      | Found a radiant altar of Vehumet.
  6575 | D:6      | Became a worshipper of Vehumet
  6633 | D:6      | Learned a level 4 spell: Iskenderun's Mystic Blast
  6840 | D:6      | Noticed Sigmund
  7008 | D:7      | Noticed Duvessa
  7010 | D:7      | Reached skill level 9 in Conjurations
  7086 | D:7      | Identified a scroll of acquirement
  7148 | D:7      | Found a flagged portal.
  7152 | D:7      | Noticed Pikel
  7162 | D:7      | HP: 1/57 [wyvern (18)]
  7163 | D:7      | Slain by a slave

Skill      XL: |  1  2  3  4  5  6  7  8 |
---------------+-------------------------+-----
Dodging        | 2 |  2.0
Conjurations   | 5 6 7 8 9 |  9.1
Stealth        | 2 |  2.0
Spellcasting   | 3 4 |  4.0
Hexes          | 1 3 |  3.8

Action                   |  1- 3 |  4- 6 |  7- 9 || total
-------------------------+-------+-------+-------++-------
Melee: Unarmed           |     8 |       |       ||     8
       Club              |    29 |    29 |       ||    58
       Tailslap          |     3 |     2 |     3 ||     8
       War axe           |       |     9 |       ||     9
       Flail             |       |     4 |     1 ||     5
       Dagger            |       |       |    23 ||    23
 Cast: Magic Dart        |    71 |    90 |    87 ||   248
       Searing Ray       |     1 |    20 |    20 ||    41
       Fulminant Prism   |       |     1 |       ||     1
 Abil: Breathe Steam     |       |       |     2 ||     2
  Use: Potion            |       |     1 |     3 ||     4
       Scroll            |       |       |    10 ||    10
 Stab: Invisible         |       |     2 |       ||     2
  Eat: Chunk             |     5 |     9 |     5 ||    19
       Ration            |       |       |     1 ||     1
Armor: Skin              |    18 |    27 |    23 ||    68
Dodge: Dodged            |    43 |    57 |    45 ||   145
